 Dungeon Crawl Stone Soup version 0.29-a0-221-gceb61267dd (webtiles) character file.

Game seed: 456052406981632117

289 Cyric the Ruffian (level 6, 55/61 HPs)
             Began as a Troll Monk on Feb 26, 2022.
             Was an Initiate of Yredelemnul.
             Quit the game on level 4 of the Dungeon on Sept 16, 2023.
             The game lasted 00:13:58 (2055 turns).

Cyric the Ruffian (Troll Monk)                      Turns: 2055, Time: 00:13:58

Health: 55/61      AC:  4    Str: 20    XL:     6   Next: 9%
Magic:  6/6        EV: 10    Int:  8    God:    Yredelemnul [......]
Gold:   91         SH:  0    Dex: 12    Spells: 5/5 levels left

rFire   + . .      SeeInvis .     - Unarmed
rCold   . . .      Faith    .   (no shield)
rNeg    . . .      Spirit   .   a - +0 robe
rPois   .          Reflect  .   (helmet restricted)
rElec   .          Harm     .   (no cloak)
rCorr   .          Rampage  .   (gloves unavailable)
Will    .....                   (boots unavailable)
Stlth   ++........              (no amulet)
HPRegen 1.00/turn               i - ring of protection from fire
MPRegen 0.10/turn               (no ring)

@: no status effects
A: large, unfitting armour, claws 3, regeneration 1, shaggy fur 1, tough skin 1
a: Renounce Religion, Recall Undead Harvest


You were on level 4 of the Dungeon.
You worshipped Yredelemnul.
Yredelemnul was noncommittal.
You visited 1 branch of the dungeon, and saw 4 of its levels.

You collected 179 gold pieces.
You spent 88 gold pieces at shops.

Inventory:

Missiles
 d - 79 stones (quivered)
 g - 6 curare-tipped darts
Armour
 a - a +0 robe (worn)
Jewellery
 i - a ring of protection from fire (left claw)
Scrolls
 c - 2 scrolls of blinking
 f - a scroll of immolation {unknown}
 h - a scroll of silence {unknown}
 j - 2 scrolls of teleportation
 l - a scroll of enchant armour {unknown}
Potions
 b - a potion of invisibility {unknown}
 k - 2 potions of lignification


   Skills:
 + Level 3.2 Fighting
 + Level 3.2 Dodging
 - Level 1.0 Stealth
 * Level 4.9 Unarmed Combat
 * Level 2.3 Invocations


You had 5 spell levels left.
You didn't know any spells.
Your spell library contained the following spells:

 Spells                   Type           Power      Damage    Failure   Level
 Sublimation of Blood     Necr           0%         N/A       54%         2
 Wereblood                Tmut           0%         N/A       54%         2
 Summon Hydra             Summ           0%         N/A       100%        7


Dungeon Overview and Level Annotations

Branches:
Dungeon (4/15)
 Temple: D:4-7

Altars:
Gozag
Nemelex Xobeh
Wu Jian
Yredelemnul

Shops:
D:2 (   D:3 (?!


Innate Abilities, Weirdness & Mutations

You are too large for most types of armour.
You have claws for hands.
Your natural rate of healing is unusually fast.
You are covered in fur. (AC +1)
You have tough skin. (AC +1)


Message History

There is an open door here.
Saving game... please wait.
You hear the sound of rushing water.
There is an entrance to a sewer on this level.
Hurry and find it before the portal rusts away!
Welcome back, Cyric the Troll Monk.
Yredelemnul says: Carry the black torch!
Rouse the idle dead!
Press ? for a list of commands and other information.
You swap places.
There is an open door here.
You hear the slow rusting of a distant drain.
As you open the door, it creaks loudly!
Found an ornate altar of the Wu Jian Council.
You hear the sound of rushing water.
There is an entrance to a sewer on this level.
Hurry and find it before the portal rusts away!
Welcome back, Cyric the Troll Monk.
Yredelemnul says: Carry the black torch!
Rouse the idle dead!
Press ? for a list of commands and other information.
Unknown command.
You hear the sound of rushing water.
There is an entrance to a sewer on this level.
Hurry and find it before the portal rusts away!
Welcome back, Cyric the Troll Monk.
Yredelemnul says: Carry the black torch!
Rouse the idle dead!
Press ? for a list of commands and other information.
You open the door.
A scorpion comes into view.
You swap places.
You claw the scorpion!
The scorpion is heavily wounded.
Your orc zombie closely misses the scorpion.
The scorpion stings you but does no damage.
You scratch the scorpion but do no damage.
The scorpion is heavily wounded.
The scorpion stings you.
Your orc zombie barely misses the scorpion.
You claw the scorpion!
You kill the scorpion!
You have reached level 6!
You feel stronger.
Unknown command.
Are you sure you want to abandon this character and quit the game? (Confirm with "yes".)

#..#.# ##+###+..'.#
'...+.#..#)########
#...#.#..#)........
#._.#.'##+.#######.
#...#.#..#.# #.
+...+.#..#.# #.
+###'###'..+.# #.
#...@...#..### #.
#..Z....#..# ####
+###'###'### #...
#.#...##....# ##..
#......Z....# #..
##..........# #..
#....##..############
#....##..###..##..###
#.....+####..........


You could see a friendly orc zombie.

Vanquished Creatures
  A scorpion (D:4)
  A hound (D:4)
  A jelly (D:4)
  3 gnolls (D:3)
  4 adders
  A worm (D:2)
  3 dart slugs
  8 orcs
  3 bats
  6 endoplasms
  3 giant cockroaches
  9 goblins
  A hobgoblin (D:2)
  A jackal (D:2)
  5 quokkas
  3 ball pythons
  4 frilled lizards
  10 kobolds
  5 rats
72 creatures vanquished.

Vanquished Creatures (collateral kills)
  A gnoll (D:3)
  A worm (D:3)
  3 bats
  A goblin (D:2)
  A jackal (D:2)
  A kobold (D:3)
  A frilled lizard (D:3)
9 creatures vanquished.

Vanquished Creatures (others)
  An adder zombie (D:3)
  A worm zombie (D:3)
  3 bat zombies
  A ball python zombie (D:3)
  A giant cockroach zombie (D:4)
  A kobold zombie (D:3)
  An orc zombie (D:4)
  A quokka zombie (D:3)
  A rat zombie (D:3)
  A spectral endoplasm (D:3)
12 creatures vanquished.

Grand Total: 93 creatures vanquished

Notes
Turn   | Place    | Note
-------+----------+-------------------------------------------
     0 | D:1      | Cyric the Troll Monk began the quest for the Orb.
     0 | D:1      | Reached XP level 1. HP: 22/22 MP: 0/0
   238 | D:1      | Reached XP level 2. HP: 29/29 MP: 1/1
   761 | D:2      | Reached XP level 3. HP: 36/36 MP: 2/2
   806 | D:2      | Found a basalt altar of Yredelemnul.
   815 | D:2      | Became a worshipper of Yredelemnul the Dark
   815 | D:2      | Reached * piety under Yredelemnul
   815 | D:2      | Reached ** piety under Yredelemnul
   824 | D:2      | Found Layl's Weapon Boutique.
   832 | D:2      | Bought 6 curare-tipped darts for 36 gold pieces
   968 | D:2      | Reached *** piety under Yredelemnul
  1001 | D:2      | Reached skill level 4 in Unarmed Combat
  1007 | D:2      | Reached XP level 4. HP: 43/44 MP: 3/3
  1365 | D:3      | Found Suagut's Distillery.
  1441 | D:3      | Reached skill level 1 in Invocations
  1462 | D:3      | Found Ojiq's Magic Scroll Boutique.
  1480 | D:3      | Bought a scroll of identify for 26 gold pieces
  1480 | D:3      | Bought a scroll of identify for 26 gold pieces
  1485 | D:3      | Found Sauviden's Antique Weapon Shop.
  1687 | D:3      | Reached XP level 5. HP: 29/53 MP: 5/5
  1948 | D:4      | Found an opulent altar of Gozag.
  1964 | D:4      | Found a sparkling altar of Nemelex Xobeh.
  2041 | D:4      | Found an ornate altar of the Wu Jian Council.
  2055 | D:4      | Reached XP level 6. HP: 55/61 MP: 6/6
  2055 | D:4      | Quit the game

Illustrated notes

Levels and vault maps discovered:
D:1:      mushboom_english_gardens, layout_rooms, serial_corexii_hall,
          corexii_hall_statues_x, corexii_hall_statues_l,
          corexii_hall_statues_t, chequers_hall_statues_wall_a,
          corexii_hall_statues_l, corexii_hall_statues_l, corexii_corridor_pit,
          minivault_23, minmay_misc_feat_diagonals
D:2:      kennysheep_the_goblin_king, layout_loops_cross, serial_shops, shop,
          basic_altar
D:3:      layout_rooms, serial_shops, shop, nicolae_shop_window_shopping, shop,
          kennysheep_nondescript
D:4:      lemuel_castle_with_subvaults [lemuel_castle_interior_original],
          layout_gridville, nemelex_xobeh_ov_fountains_minmay,
          mainiacjoe_overflow_alcove_1, mainiacjoe_overflow_24_doors,
          temple_pool_b, gup_sewer_entry_bowl, serial_shops,
          nicolae_diamond_shop

Skill      XL: |  1  2  3  4  5 |
---------------+----------------+-----
Unarmed Combat | 4 |  4.9
Invocations    | 1 2 |  2.3
Fighting       | 3 |  3.2
Dodging        | 3 |  3.2
Stealth        | |  1.0

Action                   |  1- 3 |  4- 6 || total
-------------------------+-------+-------++-------
Melee: Unarmed           |    72 |    85 ||   157
       Punch             |     2 |     3 ||     5
Throw: Stone             |     3 |     1 ||     4
  Use: Scroll            |       |     4 ||     4
 Stab: Sleeping          |     1 |     3 ||     4
Armor: Robe              |    12 |    43 ||    55
Dodge: Dodged            |    28 |    41 ||    69

Table legend: (Time is in decaauts)
 A = Elapsed time spent in this place.
 B = Non-inter-level travel time spent in this place.
 C = Inter-level travel time spent in this place.
 D = Time resting spent in this place.
 E = Time spent auto-exploring this place.
 F = Levels seen in this place.
 G = Mean time per level.
                   A        B        C        D        E       F      G
               +--------+--------+--------+--------+--------+-----+--------+
         Total |   2042 |   1995 |     47 |     20 |   1223 |   4 |  510.5 |
       Dungeon |   2042 |   1995 |     47 |     20 |   1223 |   4 |  510.5 |
               +--------+--------+--------+--------+--------+-----+--------+

Top non-repeatable levels by time:
     D:1: 738 daAuts
     D:2: 620 daAuts
     D:3: 566 daAuts
     D:4: 116 daAuts
